 Dungeon Crawl Stone Soup version 0.27.1-3-gb3d3a73c9e (webtiles) character file.

Game seed: 16549322105736000014

25 MisterFreud the Stinger (level 3, -5/25 HPs)
             Began as a Gnoll Venom Mage on Oct 14, 2021.
             Was a Follower of Wu Jian.
             Slain by Terence (10 damage)
             ... on level 2 of the Dungeon.
             The game lasted 00:01:35 (1440 turns).

MisterFreud the Stinger (Gnoll Venom Mage)          Turns: 1440, Time: 00:01:35

Health: -5/25      AC:  3    Str:  8    XL:     3   Next: 6%
Magic:  4/9        EV: 13    Int: 14    God:    Wu Jian [*.....]
Gold:   42         SH:  0    Dex: 12    Spells: 11/12 levels left

rFire    . . .     SeeInvis .   b - +0 dagger
rCold    . . .     Faith    .   (no shield)
rNeg     . . .     Spirit   .   a - +0 robe
rPois    .         Reflect  .   (no helmet)
rElec    .         Harm     .   (no cloak)
rCorr    .         Rampage  .   (no gloves)
Will     .....                  i - +0 pair of boots
Stlth    ++........             (no amulet)
HPRegen  0.08/turn              (no ring)
MPRegen  0.11/turn              (no ring)

@: no status effects
A: fangs 1, strong nose, distributed training
a: Renounce Religion


You were on level 2 of the Dungeon.
You worshipped Wu Jian.
Wu Jian was aware of your devotion.
You visited 1 branch of the dungeon, and saw 2 of its levels.

You collected 42 gold pieces.

Inventory:

Hand Weapons
 b - a +0 dagger (weapon)
Missiles
 j - 18 poisoned darts
Armour
 a - a +0 robe (worn)
 i - a +0 pair of boots (worn)
Scrolls
 c - a scroll of holy word {unknown}
 g - a scroll of identify {unknown}
 h - a scroll of summoning {unknown}
Potions
 d - a potion of haste {unknown}
 e - a potion of curing {unknown}
 f - a potion of ambrosia {unknown}


   Skills:
 + Level 0.6 Fighting
 + Level 0.6 Short Blades
 + Level 0.6 Long Blades
 + Level 0.6 Axes
 + Level 0.6 Maces & Flails
 + Level 0.6 Polearms
 + Level 0.6 Staves
 + Level 0.6 Slings
 + Level 0.6 Bows
 + Level 0.6 Crossbows
 + Level 0.6 Throwing
 + Level 0.6 Armour
 + Level 4.5 Dodging
 + Level 4.1 Stealth
 + Level 0.6 Shields
 + Level 0.6 Unarmed Combat
 + Level 5.0 Spellcasting
 + Level 0.4 Conjurations
 + Level 0.4 Hexes
 + Level 0.4 Summonings
 + Level 0.4 Necromancy
 + Level 0.4 Translocations
 + Level 2.1 Transmutations
 + Level 0.4 Fire Magic
 + Level 0.4 Ice Magic
 + Level 0.4 Air Magic
 + Level 0.4 Earth Magic
 + Level 5.4 Poison Magic
 + Level 0.8 Invocations
 + Level 0.6 Evocations


You had 11 spell levels left.
You knew the following spells:

 Your Spells              Type           Power      Damage    Failure   Level
a - Sting                 Tmut/Pois      56%        1d5       3%          1

Your spell library contained the following spells:

 Spells                   Type           Power      Damage    Failure   Level
 Poisonous Vapours        Pois/Air       22%        N/A       8%          2
 Olgreb's Toxic Radiance  Pois           18%        N/A       19%         4
 Mephitic Cloud           Conj/Pois/Air  9%         N/A       22%         3


Dungeon Overview and Level Annotations

Branches:
Dungeon (2/15)

Altars:
Wu Jian

Annotations:
D:2 Terence


Innate Abilities, Weirdness & Mutations

You have very sharp teeth.
Your uncanny sense of smell can sniff out nearby items.
Your experience applies equally to all skills.


Message History

Casting: Sting (safe; 3% risk of failure)
Confirm with . or Enter, or press ? or * to list all spells.
Aiming: Sting (safe; 3% risk of failure)
Press: ? - help, Shift-Dir - straight line, f/p - Terence
Aim: Terence, wielding a +0 trident and wearing a +0 scale mail (moderately wounded, very poisoned, 75% to hit)
The sting misses Terence.
Terence hits you from afar with a +0 trident.
Unknown command.
Unknown command.
You lunge at Terence.
You barely miss Terence.
Terence is moderately wounded.
Terence hits you with a +0 trident!
You hit Terence.
Terence is heavily wounded.
Terence closely misses you.
You hit Terence but do no damage.
Terence is heavily wounded.
Terence closely misses you.
You closely miss Terence.
Terence is heavily wounded.
Terence misses you.
You barely miss Terence.
Terence is heavily wounded.
Terence closely misses you.
Unknown command.
You hit Terence but do no damage.
Terence is severely wounded.
Terence barely misses you.
You barely miss Terence.
Terence is severely wounded.
Terence misses you.
You hit Terence.
Terence is almost dead.
Terence says, "Time to say good-bye..."
Terence hits you with a +0 trident.
* * * LOW HITPOINT WARNING * * *
You hit Terence but do no damage.
Terence is almost dead.
Terence hits you with a +0 trident!
You die...

##### ....
#.. #@# ##@#
#..# #. #
#.## .## ##.
###.## ..##..
#....# ..#.#
#....# #.#.#
##....# #.#.#
#.....#
#...###.....#


You could see Terence (very poisoned).

Vanquished Creatures
  A ball python (D:2)
  5 endoplasms (D:1)
  2 goblins (D:1)
  4 hobgoblins
  A kobold (D:1)
  4 quokkas
  A bat (D:1)
  2 frilled lizards (D:1)
20 creatures vanquished.

Notes
Turn   | Place    | Note
-------+----------+-------------------------------------------
     0 | D:1      | MisterFreud the Gnoll Venom Mage began the quest for the
                  | Orb.
     0 | D:1      | Reached XP level 1. HP: 13/13 MP: 6/6
   468 | D:1      | Reached XP level 2. HP: 14/19 MP: 3/7
   840 | D:1      | Found a faded altar of an unknown god.
   868 | D:1      | Became a worshipper of the Wu Jian Council
   868 | D:1      | Reached * piety under Wu Jian
  1323 | D:2      | Reached XP level 3. HP: 25/25 MP: 2/9
  1326 | D:2      | Reached skill level 5 in Spellcasting
  1422 | D:2      | Noticed Terence
  1440 | D:2      | Slain by Terence

Illustrated notes

Levels and vault maps discovered:
D:1:      dpeg_arrival_solitude, layout_basic,
          hellmonk_ecumenical_altar_arch_garden
D:2:      layout_rooms, feat_on_display, uniq_natasha, uniq_terence

Skill      XL: |  1  2  3 |
---------------+----------+-----
Transmutations | 2 |  2.1
Spellcasting   | 5 |  5.0
Fighting       | |  0.6
Short Blades   | |  0.6
Long Blades    | |  0.6
Axes           | |  0.6
Maces & Flails | |  0.6
Polearms       | |  0.6
Staves         | |  0.6
Slings         | |  0.6
Bows           | |  0.6
Crossbows      | |  0.6
Throwing       | |  0.6
Armour         | |  0.6
Dodging        | |  4.5
Stealth        | |  4.1
Shields        | |  0.6
Unarmed Combat | |  0.6
Conjurations   | |  0.4
Hexes          | |  0.4
Summonings     | |  0.4
Necromancy     | |  0.4
Translocations | |  0.4
Fire Magic     | |  0.4
Ice Magic      | |  0.4
Air Magic      | |  0.4
Earth Magic    | |  0.4
Poison Magic   | |  5.4
Invocations    | |  0.8
Evocations     | |  0.6

Action                   || total
-------------------------++-------
Melee: Dagger            ||    16
       Unarmed           ||     1
 Cast: Sting             ||    39
Invok: Lunge             ||     1
 Stab: Sleeping          ||     4
Armor: Robe              ||     2
Dodge: Dodged            ||    17
